 Dungeon Crawl Stone Soup version 0.25-a0-21-ga5a8db46c7 (webtiles) character file.

Game seed: 13331968485685101051, levelgen mode: deterministic

149936 Mattoad the Peltast (level 16, -1/152 HPs)
             Began as a Minotaur Berserker on Oct 15, 2019.
             Was a High Priest of Trog.
             Succumbed to a merfolk impaler's poison
             ... while paralysed
             ... on level 4 of the Shoals on Oct 16, 2019.
             The game lasted 03:12:53 (59653 turns).

Mattoad the Peltast (Minotaur Berserker)           Turns: 59653, Time: 03:12:54

Health: -1/152     AC: 23    Str: 22    XL:     16   Next: 97%
Magic:  15/15      EV:  2    Int:  4    God:    Trog [*****.]
Gold:   2509       SH:  0    Dex: 22    Spells: 15/15 levels left

rFire    + + .     SeeInvis .   L - +7 mace (crush)
rCold    . . .     Gourm    .   f - +0 shield
rNeg     . . .     Faith    .   o - +4 plate armour
rPois    .         Spirit   .   a - +1 hat {MR+}
rElec    .         Reflect  .   z - scarf {cloud immunity}
rCorr    .         Harm     .   (no gloves)
MR       ++...                  (no boots)
Stlth    ..........             (no amulet)
HPRegen  0.35/turn              g - ring of Hofayneh {rF++ Slay+1}
MPRegen  0.14/turn              r - ring of Coschom {EV+5 Dex+5}

@: paralysed, lethally poisoned (-1 -> -55), berserk cooldown, slowed
A: retaliatory headbutt, horns 2, blurry vision 1
a: Berserk, Trog's Hand, Brothers in Arms, Renounce Religion


You were on level 4 of the Shoals.
You worshipped Trog.
Trog was extremely pleased with you.
You were hungry.

You visited 6 branches of the dungeon, and saw 29 of its levels.
You also visited: Sewer and Bailey.

You collected 3476 gold pieces.
You spent 967 gold pieces at shops.

Inventory:

Hand Weapons
 i - a +0 arbalest
 L - a +7 mace of crushing (weapon)
Missiles
 y - 312 bolts (quivered)
Armour
 a - a +1 hat of magic resistance (worn)
 f - a +0 shield (worn)
 o - a +4 plate armour (worn)
 z - a scarf of cloud immunity (worn)
 K - a +1 ring mail of poison resistance
Jewellery
 g - the ring of Hofayneh (left hand) {rF++ Slay+1}
   (You found it on level 5 of the Dungeon)

   [ring of slaying]

   It affects your accuracy and damage with ranged weapons and melee attacks
   (+1).
   It greatly protects you from fire.
 k - an uncursed ring of resist corrosion
 r - the ring of Coschom (right hand) {EV+5 Dex+5}
   (You took it off a deep elf demonologist on level 1 of the Elven Halls)

   [ring of evasion]

   It affects your evasion (+5).
   It affects your dexterity (+5).
 v - an uncursed ring of ice {unknown}
 B - an uncursed ring of protection from magic
 C - a +2 ring of strength
 E - an uncursed ring of positive energy
 N - an uncursed ring of see invisible
 O - an uncursed ring of protection from magic
 P - an uncursed ring of poison resistance
 Q - an uncursed ring of fire
 W - the ring "Kovottaz" {rCorr Str+6}
   (You found it on level 6 of the Lair of Beasts)

   [ring of resist corrosion]

   It affects your strength (+6).
   It provides partial protection from all sources of acid and corrosion.
 X - an uncursed amulet of harm
Wands
 p - a wand of clouds (6)
 q - a wand of acid (27)
 w - a wand of scattershot (2)
 D - a wand of digging (10)
 M - a wand of flame (17)
 R - a wand of random effects (21)
 V - a wand of enslavement (16)
Scrolls
 e - 13 scrolls of teleportation
 j - 3 scrolls of amnesia
 s - a scroll of blinking
 u - 2 scrolls of fog
 A - 2 scrolls of vulnerability
 F - 11 scrolls of remove curse
 I - 3 scrolls of immolation
 J - a scroll of holy word
 T - 3 scrolls of silence
 U - a scroll of random uselessness
 Z - 3 scrolls of identify
Potions
 b - 5 potions of mutation
 d - a potion of ambrosia
 h - a potion of flight
 m - 2 potions of invisibility
 n - a potion of haste
 t - 2 potions of berserk rage
 x - 2 potions of agility
 G - 3 potions of lignification
 H - 4 potions of brilliance
 Y - 2 potions of might
Comestibles
 c - a ration
 l - 2 chunks of flesh


   Skills:
 + Level 16.7 Fighting
 - Level 12.0 Maces & Flails
 + Level 4.3 Crossbows
 + Level 18.5 Armour
 + Level 9.4 Dodging
 - Level 20.0 Shields
 + Level 0.7 Evocations


You had 15 spell levels left.
You didn't know any spells.
Your spell library was empty.

Dungeon Overview and Level Annotations

Branches:
Dungeon (15/15)            Temple (0/1) D:7            Lair (6/6) D:10
 Shoals (4/4) Lair:4        Snake (0/4) Lair:2        Slime (1/5) Lair:6
    Orc (2/2) D:11            Elf (1/3) Orc:2        Vaults (0/5) D:13
 Depths (0/5) D:15          Sewer (visited)          Bailey (visited)

Altars:
Dithmenos
Elyvilon
Fedhas
Hepliaklqana
Kikubaaqudgha
Makhleb
Okawaru
Ru
Trog
Xom
Yredelemnul
Zin
The Shining One
Beogh
Jiyva

Shops:
D:13 %(=!(   D:14 }   Orc:1 !   Orc:2 *(*?

Portals:
Trove: D:14 (give +3 shadow dragon scales)

Annotations:
D:7 Maurice
D:8 1 runed translucent door, floatboth's ghost, novice TeCj
D:9 1 runed translucent door


Innate Abilities, Weirdness & Mutations

You reflexively headbutt those who attack you in melee.
You have a pair of horns on your head.
Scrolls take you a little longer to read.


Message History

You feel very sick. The merfolk impaler barely misses you.
You furiously retaliate!
You headbutt the merfolk impaler!! The merfolk hits you with a +0 spear!
* * * LOW HITPOINT WARNING * * *
You feel a strong urge to attack something.
* * * LOW HITPOINT WARNING * * *
You feel very sick. The merfolk impaler misses you.
You see here a cursed -1 trident.
* * * LOW HITPOINT WARNING * * *
You feel very sick.
You feel your anger nearly subside.
* * * LOW HITPOINT WARNING * * *
You feel very sick. You block the merfolk impaler's attack.
There is a stone staircase leading up here.
You are no longer berserk.
You pass out from exhaustion.
You feel yourself slow down.
You die...

≈≈≈≈≈≈≈≈≈≈≈≈≈≈≈≈
≈≈≈≈≈≈≈≈≈≈≈≈≈≈≈≈≈≈≈≈
≈≈≈≈≈≈≈≈≈≈≈≈≈≈≈≈≈≈≈≈
≈≈≈≈≈≈≈≈≈≈≈≈≈≈≈≈≈≈≈≈
≈≈≈≈≈≈≈≈≈≈≈≈≈≈.≈≈≈≈≈
PP≈≈≈≈PP≈≈≈≈≈≈≈≈≈≈≈≈
≈≈PP≈≈PP≈≈≈≈≈≈≈≈≈≈≈≈
≈≈≈≈≈P≈P@÷..≈≈≈≈≈≈≈≈
#####P÷....)≈≈≈≈≈≈≈
##≈≈≈##.m)m..≈≈≈≈≈##
#≈≈≈≈≈#...)..≈≈≈≈##
#≈≈|≈≈'......≈≈≈≈#
#≈≈≈≈≈#[)(...≈≈≈≈# ≈
##≈≈≈##)((..≈≈≈≈≈#
≈P≈P#####≈≈≈≈≈≈≈≈≈≈≈#
≈P≈P≈≈≈≈≈≈≈≈≈≈≈≈≈≈≈≈≈#


You could see a merfolk impaler and a merfolk.

Vanquished Creatures
  Jorgrun (D:14)
  Gastronok (D:8)
  An iron dragon (Elf:1)
  A deep elf demonologist (Elf:1)
  2 merfolk javelineers
  8 merfolk impalers
  Snorg (Orc:2)
  2 deep elf high priests (Elf:1)
  3 ogre magi
  A yaktaur captain (D:13)
  An ice dragon (Elf:1)
  5 hydras
  Erolcha (D:9)
  The ghost of Cuollip the Grappler, a journeyman VSTm of Kikubaaqudgha (Lair:4)
  A satyr (Shoals:2)
  An alligator snapping turtle (Shoals:2)
  A merfolk avatar (Shoals:4)
  14 two-headed ogres
  3 centaur warriors (D:14)
  A tengu warrior (D:14)
  4 merfolk aquamancers
  3 dancing weapons
  Urug (D:14)
  7 deep elf knights (Elf:1)
  An unseen horror (shapeshifter) (D:14)
  2 deep trolls (Orc:2)
  2 wizards
  2 unseen horrors (D:14)
  7 sea snakes
  A lindwurm (Lair:3)
  A harpy (Shoals:4)
  9 deep elf archers (Elf:1)
  4 orc knights
  5 orc sorcerers
  11 fauns
  24 deep elf magi
  5 cyclopes
  7 manticores
  3 merfolk sirens
  4 water nymphs
  13 black mambas
  A naga mage (D:15)
  A torpor snail (Lair:4)
  A gargoyle (D:10)
  27 spiny frogs
  3 centaur skeletons
  5 komodo dragons
  A rime drake (Lair:1)
  An efreet (D:14)
  2 yaktaurs (D:13)
  2 ice devils (Lair:2)
  A merfolk (shapeshifter) (D:14)
  42 merfolk
  15 trolls
  4 tyrant leeches
  3 wind drakes (Shoals:1)
  5 slime creatures
  4 dream sheep (Shoals:1)
  15 hippogriffs
  21 blink frogs
  2 snapping turtles
  2 shadows
  14 water elementals
  2 wyverns
  27 yaks
  8 vampire mosquitoes
  3 basilisks
  A hungry ghost (D:13)
  A warg (Orc:1)
  Edmund (D:6)
  21 water moccasins
  10 porcupines
  3 ice beasts
  6 sky beasts
  14 orc warriors
  Purgy (Sewer)
  2 black bears
  30 ogres
  22 centaurs
  3 phantoms
  11 wolves (Lair:1)
  19 crocodiles
  5 big kobolds
  21 bullfrogs
  2 earth elementals (Elf:1)
  4 scorpions
  A wyvern skeleton (D:13)
  A water moccasin skeleton (D:8)
  6 killer bees
  12 wights
  5 electric eels
  3 howler monkeys
  6 crimson imps
  2 quasits
  14 orc wizards
  7 hounds
  2 jellies
  22 orc priests
  Crazy Yiuf (D:5)
  A bullfrog skeleton (D:13)
  Terence (D:2)
  3 iguanas
  Natasha (thrice) (D:4)
  10 worker ants
  A killer bee zombie (D:9)
  A hound skeleton (D:8)
  2 worker ant zombies
  7 gnolls
  13 adders
  3 shadow imps
  An adder zombie (D:8)
  An adder skeleton (D:7)
  3 worms
  4 dart slugs
  8 leopard geckos
  66 orcs
  5 giant cockroaches
  14 goblins
  4 hobgoblins
  5 jackals
  20 kobolds
  6 quokkas
  2 ball pythons
  9 bats
  7 frilled lizards
  A quokka zombie (D:7)
  8 rats
  3 fungi
  6 plants
855 creatures vanquished.

Vanquished Creatures (collateral kills)
  A storm dragon (Elf:1)
  An ice dragon (Elf:1)
  Sonja (Lair:1)
  An unseen horror (D:12)
  A deep elf mage (D:12)
  A black mamba (Lair:6)
  A komodo dragon (Lair:6)
  3 slime creatures
  5 yaks
  3 vampire mosquitoes (D:15)
  An ice beast (D:12)
  A centaur (D:15)
  An orc (D:15)
  5 kobolds (D:10)
26 creatures vanquished.

Vanquished Creatures (others)
  A merfolk aquamancer (Shoals:3)
  A meliai (shapeshifter) (Elf:1)
  An orc wizard (D:14)
  A bush (D:5)
  10 fungi
  51 plants
65 creatures vanquished.

Grand Total: 946 creatures vanquished

Notes
Turn   | Place    | Note
-------+----------+-------------------------------------------
     0 | D:1      | Mattoad the Minotaur Berserker began the quest for the Orb.
     0 | D:1      | Reached XP level 1. HP: 19/19 MP: 0/0
    96 | D:1      | Reached XP level 2. HP: 26/27 MP: 1/1
   352 | D:2      | Reached XP level 3. HP: 17/33 MP: 2/2
  1010 | D:2      | Noticed Terence
  1019 | D:2      | Killed Terence
  1019 | D:2      | Reached XP level 4. HP: 33/41 MP: 3/3
  1034 | D:2      | Reached ** piety under Trog
  1505 | D:3      | Reached skill level 5 in Maces & Flails
  1547 | D:3      | Found a glowing drain.
  1552 | Sewer    | Entered a sewer
  1571 | Sewer    | Reached skill level 5 in Fighting
  1611 | Sewer    | Noticed Purgy
  1621 | Sewer    | Killed Purgy
  1621 | Sewer    | Reached XP level 5. HP: 46/48 MP: 4/4
  2111 | D:3      | Reached XP level 6. HP: 55/56 MP: 5/5
  2239 | D:3      | Reached *** piety under Trog
  2464 | D:4      | Noticed Natasha
  2472 | D:4      | Killed Natasha
  2752 | D:4      | Noticed Natasha
  2759 | D:4      | Killed Natasha
  2917 | D:4      | Noticed Natasha
  2921 | D:4      | Killed Natasha
  3126 | D:5      | Entered Level 5 of the Dungeon
  3138 | D:5      | Reached skill level 5 in Armour
  3138 | D:5      | Reached XP level 7. HP: 63/63 MP: 6/6
  3258 | D:5      | Got a crude silver ring
  3711 | D:5      | Reached skill level 1 in Shields
  3734 | D:5      | Found a blossoming altar of Fedhas.
  3871 | D:5      | Reached XP level 8. HP: 61/71 MP: 7/7
  3996 | D:5      | Found a basalt altar of Yredelemnul.
  4142 | D:5      | Reached skill level 2 in Shields
  4266 | D:5      | Found a runed translucent door.
  4267 | D:5      | Noticed Crazy Yiuf
  4272 | D:5      | Killed Crazy Yiuf
  4361 | D:6      | Noticed Edmund
  4362 | D:6      | Found an iron altar of Okawaru.
  4385 | D:6      | Killed Edmund
  4385 | D:6      | Reached skill level 3 in Shields
  4410 | D:6      | Reached **** piety under Trog
  4476 | D:6      | Found a hazy altar of Hepliaklqana.
  4580 | D:6      | Found a bloodstained altar of Trog.
  4938 | D:6      | Reached skill level 4 in Shields
  5028 | D:6      | Reached XP level 9. HP: 74/79 MP: 8/8
  5478 | D:7      | Reached skill level 5 in Shields
  5482 | D:7      | Found a burning altar of Makhleb.
  5717 | D:7      | Found an ancient bone altar of Kikubaaqudgha.
  5726 | D:7      | Reached skill level 10 in Maces & Flails
  6168 | D:7      | Found a sacrificial altar of Ru.
  6351 | D:7      | Reached skill level 6 in Shields
  6419 | D:7      | Found a staircase to the Ecumenical Temple.
  6590 | D:8      | Noticed Maurice
  6592 | D:8      | Noticed Gastronok
  7001 | D:8      | Killed Gastronok
  7001 | D:8      | Reached skill level 7 in Shields
  7001 | D:8      | Reached XP level 10. HP: 90/90 MP: 9/9
  7415 | D:8      | Found a runed translucent door.
  7419 | D:8      | Noticed floatboth's ghost (novice TeCj)
  7932 | D:8      | Reached ***** piety under Trog
  8363 | D:8      | Found a shimmering altar of Xom.
  8363 | D:8      | Found a glowing golden altar of the Shining One.
  8568 | D:8      | Identified the ring of Hofayneh {rF++ Slay+1} (You found it
                  | on level 5 of the Dungeon)
  9334 | D:9      | Noticed Erolcha
  9345 | D:9      | Killed Erolcha
  9345 | D:9      | Reached skill level 10 in Armour
  9345 | D:9      | Reached skill level 8 in Shields
  9976 | D:9      | Found a glowing silver altar of Zin.
  9976 | D:9      | Noticed an angel
  9977 | D:9      | Found a runed translucent door.
 10230 | D:10     | Entered Level 10 of the Dungeon
 10430 | D:10     | Reached XP level 11. HP: 97/97 MP: 10/10
 10959 | D:10     | Noticed a two-headed ogre
 10972 | D:10     | Killed a two-headed ogre
 10972 | D:10     | Reached skill level 9 in Shields
 11095 | D:10     | Reached skill level 10 in Fighting
 11521 | D:10     | Reached skill level 10 in Shields
 11526 | D:10     | Found a staircase to the Lair.
 12856 | D:12     | Found a flagged portal.
 12877 | Bailey   | Entered a bailey
 13093 | Bailey   | Noticed a deep elf mage
 13103 | Bailey   | Killed a deep elf mage
 13358 | Bailey   | Noticed a deep elf mage
 13359 | Bailey   | Noticed a deep elf mage
 13359 | Bailey   | Noticed a deep elf mage
 13359 | Bailey   | Noticed a deep elf mage
 13359 | Bailey   | Noticed a deep elf mage
 13359 | Bailey   | Noticed a deep elf mage
 13365 | Bailey   | Killed a deep elf mage
 13374 | Bailey   | Gained mutation: Scrolls take you a little longer to read.
                  | [a neqoxec]
 13387 | D:12     | Killed a deep elf mage
 13736 | D:11     | Reached skill level 11 in Shields
 13910 | D:11     | Found a staircase to the Orcish Mines.
 14443 | D:12     | Killed an unseen horror
 14558 | D:12     | Reached XP level 12. HP: 83/108 MP: 11/11
 14798 | D:13     | Found a shadowy altar of Dithmenos.
 14839 | D:13     | Found Penirr's Distillery.
 14847 | D:13     | Bought a potion of brilliance for 56 gold pieces
 14847 | D:13     | Bought a potion of lignification for 42 gold pieces
 14847 | D:13     | Bought a potion of agility for 56 gold pieces
 14847 | D:13     | Bought a potion of haste for 140 gold pieces
 14847 | D:13     | Bought a potion of might for 56 gold pieces
 14853 | D:13     | Found a gate to the Vaults.
 14853 | D:13     | Noticed a yaktaur captain
 14854 | D:13     | You fall into a shaft and drop 2 floors!
 14854 | D:15     | Entered Level 15 of the Dungeon
 15417 | D:14     | Noticed a centaur warrior
 15437 | D:14     | Killed a centaur warrior
 15437 | D:14     | Reached skill level 12 in Shields
 15679 | D:14     | Found Petey's Gadget Emporium.
 15687 | D:14     | Noticed a tengu warrior
 15710 | D:14     | Killed a tengu warrior
 15710 | D:14     | Reached skill level 5 in Dodging
 15889 | D:14     | Noticed Jorgrun
 15913 | D:14     | Killed Jorgrun
 15913 | D:14     | Reached skill level 13 in Shields
 16211 | D:14     | Noticed a centaur warrior
 16225 | D:14     | Killed a centaur warrior
 16690 | D:14     | Noticed a two-headed ogre
 16699 | D:14     | Killed a two-headed ogre
 16709 | D:14     | Found a hazy altar of Hepliaklqana.
 16717 | D:14     | Noticed a centaur warrior
 16723 | D:14     | Killed a centaur warrior
 16771 | D:14     | Noticed an eight-headed hydra
 16791 | D:14     | Killed an eight-headed hydra
 17654 | D:14     | Found a portal to a secret trove of treasure.
 18770 | D:15     | Reached XP level 13. HP: 117/117 MP: 12/12
 19249 | D:15     | Reached skill level 14 in Shields
 19457 | D:15     | Found a white marble altar of Elyvilon.
 19802 | D:15     | Found a staircase to the Depths.
 19821 | D:15     | Paralysed by an ogre mage for 2 turns
 22264 | D:13     | Reached skill level 1 in Crossbows
 22268 | D:13     | Noticed Urug
 22669 | D:14     | Killed Urug
 23034 | D:13     | Found Tayw's Food Shop.
 23081 | D:13     | Bought a ration for 55 gold pieces
 23081 | D:13     | Bought a ration for 55 gold pieces
 23081 | D:13     | Bought a ration for 55 gold pieces
 23081 | D:13     | Bought a ration for 55 gold pieces
 23081 | D:13     | Bought a ration for 55 gold pieces
 23081 | D:13     | Bought a ration for 55 gold pieces
 23081 | D:13     | Bought a ration for 55 gold pieces
 23081 | D:13     | Bought a ration for 55 gold pieces
 23105 | D:13     | Found Suebent's Weapon Boutique.
 23298 | D:13     | Found Qiutec's Weapon Shop.
 23434 | D:13     | Found Etazof's Jewellery Shop.
 23745 | Lair:1   | Entered Level 1 of the Lair of Beasts
 25279 | Lair:1   | Reached skill level 15 in Armour
 25518 | Lair:1   | Noticed Sonja
 25559 | Lair:1   | Killed Sonja
 25559 | Lair:1   | Reached skill level 15 in Shields
 27634 | Lair:2   | Found a staircase to the Snake Pit.
 27767 | Lair:2   | Upgraded the game from 0.25-a0-10-g2fe12d4386 to
                  | 0.25-a0-21-ga5a8db46c7
 28035 | Lair:3   | Reached XP level 14. HP: 100/129 MP: 13/13
 29306 | Lair:3   | Identified a scroll of acquirement
 30245 | Lair:4   | Found a runed translucent door.
 30245 | Lair:4   | Noticed Cuollip's ghost (journeyman VSTm)
 30258 | Lair:4   | Reached skill level 16 in Shields
 30355 | Lair:4   | Found a staircase to the Shoals.
 30741 | Lair:4   | Killed Cuollip's ghost
 31861 | Lair:6   | Entered Level 6 of the Lair of Beasts
 32901 | Lair:6   | Received a gift from Trog
 33503 | Lair:6   | Found a staircase to the Slime Pits.
 33505 | Lair:6   | Found a viscous altar of Jiyva.
 33591 | Lair:6   | HP: 6/195 [spiny frog (18)]
 33594 | Lair:6   | HP: 2/130 [poisoned by a spiny frog]
 33987 | Lair:6   | Reached skill level 17 in Shields
 36504 | Lair:6   | Got a slimy copper ring
 37426 | Slime:1  | Entered Level 1 of the Pits of Slime
 38512 | Orc:1    | Entered Level 1 of the Orcish Mines
 38522 | D:11     | Received a gift from Trog
 38719 | D:11     | Identified the ring "Kovottaz" {rCorr Str+6} (You found it
                  | on level 6 of the Lair of Beasts)
 38917 | Orc:1    | Reached XP level 15. HP: 111/138 MP: 14/14
 38952 | Orc:1    | Found a roughly hewn altar of Beogh.
 39141 | Orc:1    | Received a gift from Trog
 39201 | Orc:1    | Found Mutoigar's Distillery.
 39261 | Orc:1    | Found a roughly hewn altar of Beogh.
 39359 | Orc:2    | Entered Level 2 of the Orcish Mines
 39378 | Orc:2    | Noticed Snorg
 39394 | Orc:2    | Killed Snorg
 39659 | Orc:2    | Received a gift from Trog
 40002 | Orc:2    | Found a staircase to the Elven Halls.
 40074 | Orc:2    | Found Woinkudi's Magic Scroll Shoppe.
 40075 | Orc:2    | Found Sedun's General Store.
 40204 | Elf:1    | Entered Level 1 of the Elven Halls
 41025 | Orc:2    | Reached skill level 18 in Shields
 41556 | Orc:2    | Found Gukuh's Antique Weapon Shop.
 41559 | Orc:2    | Bought a scroll of enchant weapon for 97 gold pieces
 41569 | Orc:2    | Bought a ration for 80 gold pieces
 41574 | Orc:2    | Found Jedi's Assorted Antiques.
 44452 | Elf:1    | Received a gift from Trog
 44452 | Elf:1    | Reached skill level 15 in Fighting
 46806 | Elf:1    | Received a gift from Trog
 47387 | Elf:1    | Reached skill level 19 in Shields
 47450 | Elf:1    | Received a gift from Trog
 48103 | Elf:1    | Identified the ring of Coschom {EV+5 Dex+5}
 48133 | Elf:1    | Reached XP level 16. HP: 122/149 MP: 15/15
 48415 | Elf:1    | Found a runed translucent gate.
 48415 | Elf:1    | Found a runed translucent gate.
 48415 | Elf:1    | Found a runed translucent gate.
 48415 | Elf:1    | Found a runed translucent gate.
 48415 | Elf:1    | Found a runed translucent gate.
 48416 | Elf:1    | Noticed a storm dragon
 48417 | Elf:1    | Found a runed translucent gate.
 48466 | Elf:1    | Killed a storm dragon
 48693 | Elf:1    | HP: 11/223 [ice dragon/blast of cold (7)]
 49630 | Shoals:1 | Entered Level 1 of the Shoals
 54350 | Shoals:1 | Received a gift from Trog
 56818 | Shoals:3 | Reached skill level 20 in Shields
 58539 | Shoals:4 | Entered Level 4 of the Shoals
 59650 | Shoals:4 | HP: 11/228 [poisoned by a merfolk impaler]
 59652 | Shoals:4 | HP: 4/228 [poisoned by a merfolk impaler]
 59653 | Shoals:4 | Succumbed to a merfolk impaler's poison

Levels and vault maps discovered:
D:1:      nzn_arrival_settlement, layout_rooms
D:2:      layout_basic, palyth_stone_intersect, uniq_terence
D:3:      layout_loops_corners, gup_sewer_entry_bowl
D:4:      layout_gridville, first_ration, uniq_natasha
D:5:      layout_gridville, lemuel_round_altar, fedhas_bush_and_centaur_altar,
          uniq_crazy_yiuf_cottage
D:6:      layout_loops_ring, okawaru_gym_becter, lemuel_crystal_altar,
          trog_ov_bears_minmay, uniq_edmund
D:7:      layout_layer_cave, kiku_gazebo_pond_becter,
          nicolae_ru_sacrificial_ziggurat, lemuel_crystal_altar,
          minmay_temple_entry_overgrown
D:8:      layout_rooms, gammafunk_temple_overflow_wave,
          ebering_ghost_reflecting_pool, blue_anna_alchemist
          [blue_anna_fruit_fields, blue_anna_fruit_fields],
          minmay_fractal_squares_diagonal_5, uniq_gastronok, uniq_maurice
D:9:      layout_irregular_city, lemuel_angel_altar, uniq_erolcha
D:10:     layout_stronghold, minmay_lair_entry_grove
D:11:     layout_rooms, orc_0_dummy
D:12:     layout_big_octagon, lightli_bailey_entry_fortress
D:13:     layout_basic, david_vaults_2, serial_shops, nicolae_shop_waterfront,
          shop, shop, shop, nicolae_shop_competitors_out_of_business,
          nicolae_dithmenos_through_a_glass_darkly, uniq_urug
D:14:     layout_loops_ring, basic_altar, nicolae_trove_entry_crystal,
          minmay_misc_feat_x, serial_shops,
          nicolae_shop_competitors_out_of_business, uniq_jorgrun
D:15:     grunt_enter_depths_magical_seal, layout_long_grid, elyvilon_altar_1
Lair:1:   layout_chaotic_city, chequers_serial_rivers_large_a,
          serial_bayou_crossing, uniq_sonja
Lair:2:   layout_regular_city, dummy_snake_entry, portal_ice_cave_demonic_guard,
          grunt_megastairs_4
Lair:3:   layout_layer_cave
Lair:4:   beast_lair_carwin_large_2, layout_regular_city,
          minmay_shoals_entry_centaurs, ebering_ghost_inner_flame,
          grunt_megastairs_3
Lair:5:   layout_cave_pods
Lair:6:   minmay_lair_end_frog_pond, layout_cave_shapes, slime_altar_1,
          gauntlet_entry_generic, nicolae_quartered_pool_medium
Shoals:1: layout_shoals
Shoals:2: layout_shoals, ebering_ghost_disaster_area
Shoals:3: layout_shoals, nicolae_shoals_hunting_party, uniq_nikola,
          uniq_polyphemus
Shoals:4: shoals_end_simple, layout_shoals
Slime:1:  layout_caves
Orc:1:    nicolae_orc_accident_2, layout_caves, basic_altar, serial_shops,
          nicolae_shop_temple_entry_statues_fountains
Orc:2:    st_orc_open, layout_diamond_mine, uniq_snorg
Elf:1:    layout_loops_corners, orc_legates, corexii_hall_statues_s

Skill      XL: |  1  2  3  4  5  6  7  8  9 10 11 12 13 14 15 16 |
---------------+-------------------------------------------------+-----
Maces & Flails | 4 5 6 7 9 11 12 | 12.0
Fighting       | 4 5 6 7 8 9 10 11 13 14 15 16 | 16.7
Dodging        | 3 4 5 8 9 |  9.4
Armour         | 3 5 6 7 9 10 12 14 15 16 18 | 18.5
Shields        | 1 4 7 8 11 13 15 17 19 20 | 20.0
Crossbows      | 3 4 |  4.3
Evocations     | |  0.7

Action                   |  1- 3 |  4- 6 |  7- 9 | 10-12 | 13-15 | 16-18 || total
-------------------------+-------+-------+-------+-------+-------+-------++-------
Melee: Mace              |    62 |   139 |   291 |   766 |  1871 |   607 ||  3736
       Headbutt          |     7 |    22 |    61 |   190 |   568 |   181 ||  1029
 Fire: Arbalest          |       |       |       |       |    39 |    23 ||    62
Invok: Berserk           |       |     4 |     9 |    19 |    29 |    20 ||    81
       Brothers in Arms  |       |       |       |    10 |     5 |     3 ||    18
       Trog's Hand       |       |       |       |     2 |     2 |     3 ||     7
Evoke: Wand              |       |       |       |     2 |       |     1 ||     3
  Use: Scroll            |       |     8 |     4 |    10 |    26 |     3 ||    51
       Potion            |       |     1 |       |     9 |     9 |    14 ||    33
  Eat: Chunk             |       |    10 |    12 |    14 |    30 |    25 ||    91
       Ration            |       |       |     3 |    13 |    28 |    10 ||    54
Armor: Animal skin       |    13 |       |       |       |       |       ||    13
       Plate armour      |       |   103 |   210 |   565 |   349 |   326 ||  1553
       Ring mail         |       |       |       |       |   254 |       ||   254
       Skin              |       |       |       |       |       |    22 ||    22
Dodge: Dodged            |    48 |    68 |    79 |   201 |   885 |   581 ||  1862
Block: Shield            |       |     1 |   178 |   542 |  1379 |   530 ||  2630

Table legend:
 A = Non-vault XP
 B = Vault XP
 C = Vault XP percentage of total XP
 D = Non-vault monster count
 E = Vault monster count
 F = Vault count percentage of total count
                 A         B        C        D         E       F
            +---------+---------+-------+---------+---------+-------
      Total |  136146 |   78049 |  36.4 |     659 |     215 |  24.6
            +---------+---------+-------+---------+---------+-------
        D:1 |      25 |       0 |   0.0 |      15 |       0 |   0.0
        D:2 |      63 |      36 |  36.4 |      17 |       1 |   5.6
        D:3 |     133 |      10 |   7.0 |      27 |       4 |  12.9
        D:4 |     268 |      35 |  11.6 |      13 |       1 |   7.1
        D:5 |     974 |     155 |  13.7 |      18 |       2 |  10.0
        D:6 |    1134 |     285 |  20.1 |      25 |       2 |   7.4
        D:7 |    1237 |       0 |   0.0 |      32 |       0 |   0.0
        D:8 |    1326 |    2194 |  62.3 |      27 |       4 |  12.9
        D:9 |    1298 |     973 |  42.8 |      25 |       1 |   3.8
       D:10 |    3811 |    1866 |  32.9 |      28 |      13 |  31.7
       D:11 |    3170 |       0 |   0.0 |      37 |       0 |   0.0
       D:12 |    2040 |     459 |  18.4 |       7 |      13 |  65.0
       D:13 |    3229 |    1734 |  34.9 |      27 |       3 |  10.0
       D:14 |   11524 |    3886 |  25.2 |      39 |       2 |   4.9
       D:15 |    2307 |    5277 |  69.6 |      10 |       9 |  47.4
     Lair:1 |    7205 |     404 |   5.3 |      35 |       1 |   2.8
     Lair:2 |    4723 |     908 |  16.1 |      20 |       4 |  16.7
     Lair:3 |    4478 |       0 |   0.0 |      14 |       0 |   0.0
     Lair:4 |    1882 |    5548 |  74.7 |       9 |      16 |  64.0
     Lair:5 |    2134 |    1561 |  42.2 |      11 |       5 |  31.2
     Lair:6 |    8922 |   11419 |  56.1 |      34 |      43 |  55.8
   Shoals:1 |   20234 |       0 |   0.0 |      45 |       0 |   0.0
   Shoals:2 |   17211 |     309 |   1.8 |      33 |       1 |   2.9
   Shoals:3 |    6797 |    2447 |  26.5 |      16 |       4 |  20.0
   Shoals:4 |    3968 |    2110 |  34.7 |      10 |       4 |  28.6
    Slime:1 |    1370 |       0 |   0.0 |       6 |       0 |   0.0
      Orc:1 |    3557 |     347 |   8.9 |      22 |       4 |  15.4
      Orc:2 |    5390 |   10175 |  65.4 |      23 |      22 |  48.9
      Elf:1 |   15736 |   24610 |  61.0 |      34 |      47 |  58.0
      Sewer |       0 |     146 | 100.0 |       0 |       7 | 100.0
     Bailey |       0 |    1155 | 100.0 |       0 |       2 | 100.0
            +---------+---------+-------+---------+---------+-------
